 Dungeon Crawl Stone Soup version 0.23.1 (webtiles) character file.

Game seed: 12288169164989187471

771 vishdafish the Slasher (level 7, -15/71 HPs)
             Began as a Troll Berserker on Mar 15, 2019.
             Was an Elder of Trog.
             Demolished by an ogre
             ... wielding a +0 giant club
              (17 damage)
             ... on level 5 of the Dungeon.
             The game lasted 00:03:48 (3754 turns).

vishdafish the Slasher (Troll Berserker)            Turns: 3754, Time: 00:03:49

Health: -15/71     AC:  6    Str: 28    XL:     7   Next: 53%
Magic:  6/6        EV: 10    Int:  8    God:    Trog [****..]
Gold:   295        SH:  0    Dex:  9    Spells: 6/6 levels left

rFire    . . .     SeeInvis .   a - +0 falchion
rCold    . . .     Gourm    +   (no shield)
rNeg     + . .     Faith    .   b - +0 animal skin
rPois    .         Spirit   .   (helmet restricted)
rElec    +         Reflect  .   (no cloak)
rCorr    .         Harm     .   (gloves unavailable)
MR       .....                  (boots unavailable)
Stlth    +.........             (no amulet)
HPRegen  0.61/turn              u - ring "Winuics" {rElec rN+}
MPRegen  0.10/turn              (no ring)

@: brilliant, berserk cooldown, slowed, very slow
A: large, unfitting armour, claws 3, fast metabolism 3, gourmand, regeneration
1, shaggy fur 1, tough skin 3
a: Berserk, Trog's Hand, Brothers in Arms, Renounce Religion


You were on level 5 of the Dungeon.
You worshipped Trog.
Trog was greatly pleased with you.
You were very hungry.

You visited 1 branch of the dungeon, and saw 5 of its levels.

You collected 295 gold pieces.

Inventory:

Hand Weapons
 a - a +0 falchion (weapon)
Armour
 b - a +0 animal skin (worn)
Jewellery
 p - an uncursed ring of fire
 u - the ring "Winuics" (left claw) {rElec rN+}
   (You found it on level 5 of the Dungeon)

   [ring of positive energy]

   It insulates you from electricity.
   It protects you from negative energy.
Wands
 q - a wand of digging (5)
Scrolls
 e - 2 scrolls of amnesia {unknown}
 f - 4 scrolls of identify {unknown}
 g - 2 scrolls of random uselessness {unknown}
 h - a scroll of magic mapping {unknown}
 j - 6 scrolls of remove curse {unknown}
 l - 4 scrolls of teleportation {unknown}
 m - a scroll of fear {unknown}
 n - a scroll of enchant weapon {unknown}
 o - 3 scrolls of fog {unknown}
 r - a scroll of immolation {unknown}
 s - a scroll of blinking {unknown}
 v - a scroll of noise {unknown}
Potions
 d - a potion of brilliance
 i - a potion of heal wounds {unknown}
 k - 3 potions of ambrosia {unknown}
 t - a potion of curing {unknown}
Comestibles
 c - 9 rations


   Skills:
 + Level 4.6 Fighting
 * Level 6.1 Long Blades
 - Level 2.7 Dodging


You had 6 spell levels left.
You didn't know any spells.
Your spell library was empty.

Dungeon Overview and Level Annotations

Branches:
Dungeon (5/15)
 Temple: D:4-7

Altars:
Fedhas
Gozag
Kikubaaqudgha
Okawaru
Ru
Uskayaw

Shops:
D:3 *

Annotations:
D:4 2 transporters, DungeonDestroyer's ghost, amateur GnSk
D:5 1 runed translucent door, appiemonkey's ghost, amateur OpFi


Innate Abilities, Weirdness & Mutations

You are too large for most types of armour.
You have claws for hands.
Your metabolism is lightning-fast.
You like to eat raw meat.
Your natural rate of healing is unusually fast.
You are covered in fur. (AC +1)
You have extremely tough skin. (AC +3)


Message History

The ogre closely misses you.
You fail to use your ability.
The ogre hits you with a +0 giant club!!
You fail to use your ability.
The ogre hits you with a +0 giant club! The ogre barely misses you.
You riposte.
You hit the ogre.
The ogre is lightly wounded.
The ogre barely misses you.
You riposte.
You hit the ogre but do no damage.
The ogre is lightly wounded.
You fail to use your ability.
The ogre closely misses you.
You riposte.
You hit the ogre.
The ogre is lightly wounded.
You fail to use your ability.
The ogre hits you with a +0 giant club!
You fail to use your ability.
The ogre barely misses you.
You fail to use your ability.
The ogre hits you with a +0 giant club!!
* * * LOW HITPOINT WARNING * * *
It was a potion of brilliance.
You feel clever all of a sudden. The ogre hits you with a +0 giant club!
You die...

######## #....... #.######
#....... # ###############.
#####.###########...............
).......).....O@................
.......####.#####.#.###########(
....... #..# #.#.#.[.........
....... ##.# #.#.#.########..
....... .. #.#............#
....... #.# #.#.#.#..###..##
....... .# #.#.#.#..# #.##.
....... .. .#.#.#..# #.+..
#.#.#.####.##.


You could see an ogre.

Vanquished Creatures
  Menkaure (D:4)
  Edmund (D:5)
  An ogre (D:4)
  2 crimson imps
  4 orc priests
  An iguana (D:5)
  2 worker ants (D:4)
  A hound skeleton (D:4)
  6 adders
  An ooze (D:1)
  An adder zombie (D:5)
  2 worms (D:3)
  4 dart slugs
  3 leopard geckos
  21 orcs
  A ball python (D:3)
  4 bats
  A giant cockroach (D:4)
  4 goblins
  8 hobgoblins
  11 jackals
  6 frilled lizards
  A jackal zombie (D:5)
  6 kobolds
  A quokka skeleton (D:5)
  4 rats
98 creatures vanquished.

Notes
Turn   | Place    | Note
-------+----------+-------------------------------------------
     0 | D:1      | vishdafish the Troll Berserker began the quest for the Orb.
     0 | D:1      | Reached XP level 1. HP: 22/22 MP: 0/0
   161 | D:1      | Reached XP level 2. HP: 29/29 MP: 1/1
   440 | D:1      | Reached XP level 3. HP: 36/36 MP: 2/2
   479 | D:1      | Reached ** piety under Trog
   479 | D:1      | Reached skill level 3 in Long Blades
   760 | D:2      | Found an iron altar of Okawaru.
   981 | D:2      | Found an ancient bone altar of Kikubaaqudgha.
  1352 | D:3      | Found an opulent altar of Gozag.
  1366 | D:3      | Found Gozag's Platinum Reserve.
  1415 | D:3      | Reached XP level 4. HP: 45/45 MP: 3/3
  1483 | D:3      | HP: 3/67 [orc priest/nerve-wracking pain (11)]
  1489 | D:3      | HP: 3/67 [orc/+0 flail (3)]
  1650 | D:3      | Reached skill level 4 in Long Blades
  1650 | D:3      | Reached XP level 5. HP: 53/53 MP: 4/4
  1959 | D:3      | Reached *** piety under Trog
  2072 | D:3      | Found a faded altar of an unknown god.
  2233 | D:4      | Found a transporter.
  2233 | D:4      | Noticed DungeonDestroyer's ghost (amateur GnSk)
  2237 | D:4      | Noticed Menkaure
  2244 | D:4      | Killed Menkaure
  2244 | D:4      | Reached XP level 6. HP: 34/62 MP: 5/5
  2364 | D:4      | Found a transporter.
  2469 | D:4      | Reached skill level 5 in Long Blades
  2785 | D:4      | Found a blossoming altar of Fedhas.
  3040 | D:4      | Found a hide-covered altar of Uskayaw.
  3041 | D:4      | Found a sacrificial altar of Ru.
  3174 | D:4      | Reached XP level 7. HP: 38/71 MP: 6/6
  3453 | D:5      | Entered Level 5 of the Dungeon
  3453 | D:5      | Found a runed translucent door.
  3453 | D:5      | Noticed appiemonkey's ghost (amateur OpFi)
  3457 | D:5      | Got a shimmering bronze ring
  3458 | D:5      | Identified the ring "Winuics" {rElec rN+} (You found it on
                  | level 5 of the Dungeon)
  3597 | D:5      | Reached **** piety under Trog
  3704 | D:5      | Noticed Edmund
  3734 | D:5      | Killed Edmund
  3734 | D:5      | Reached skill level 6 in Long Blades
  3753 | D:5      | HP: 1/71 [ogre/+0 giant club (23)]
  3754 | D:5      | Demolished by an ogre

Skill      XL: |  1  2  3  4  5  6  7 |
---------------+----------------------+-----
Long Blades    | 3 4 5 6 |  6.1
Fighting       | 3 4 |  4.6
Dodging        | |  2.7

Action                   |  1- 3 |  4- 6 |  7- 9 || total
-------------------------+-------+-------+-------++-------
Melee: Falchion          |    96 |   194 |    64 ||   354
Invok: Berserk           |       |     5 |     1 ||     6
  Use: Potion            |       |       |     1 ||     1
  Eat: Chunk             |     4 |    16 |     3 ||    23
       Ration            |     2 |     1 |     1 ||     4
Armor: Animal skin       |    26 |    75 |    18 ||   119
Dodge: Dodged            |    56 |   106 |    32 ||   194
       Rpst.: Falchion   |    15 |    37 |    16 ||    68
